 Dungeon Crawl Stone Soup version 0.25-a0-1079-g858b6a6ff6 (webtiles) character file.

Game seed: 13046245174656921684, levelgen mode: deterministic

82 tilp the Skirmisher (level 4, -4/29 HPs)
             Began as a Kobold Arcane Marksman on May 15, 2020.
             Slain by an iron imp (10 damage)
             ... summoned by Natasha
             ... on level 2 of the Dungeon.
             The game lasted 00:06:11 (3040 turns).

tilp the Skirmisher (Kobold Arcane Marksman)        Turns: 3040, Time: 00:06:11

Health: -4/29      AC:  4    Str:  8    XL:     4   Next: 70%
Magic:  5/5        EV: 18    Int: 14    God:
Gold:   66         SH:  0    Dex: 15    Spells: 4/5 levels left

rFire    . . .     SeeInvis .   a - +0 hand crossbow
rCold    . . .     Gourm    .   (shield restricted)
rNeg     . . .     Faith    .   o - +0 leather armour
rPois    .         Spirit   .   n - +1 hat
rElec    .         Reflect  .   (no cloak)
rCorr    .         Harm     .   (no gloves)
MR       .....                  (no boots)
Stlth    +.........             (no amulet)
HPRegen  0.09/turn              q - +4 ring of evasion
MPRegen  0.09/turn              (no ring)

@: very slightly contaminated, slowed, very slow
A: small, carnivore
a: no special abilities


You were on level 2 of the Dungeon.
You were completely stuffed.

You visited 1 branch of the dungeon, and saw 2 of its levels.

You collected 66 gold pieces.

Inventory:

Hand Weapons
 a - a +0 hand crossbow (weapon)
 b - a +0 dagger
 p - a cursed -3 hand axe
Missiles
 d - 29 bolts (quivered)
 g - 3 boomerangs
Armour
 n - a +1 hat (worn)
 o - a +0 leather armour (worn)
Jewellery
 q - a +4 ring of evasion (left hand)
 t - an uncursed ring of stealth {unknown}
Scrolls
 c - a scroll of remove curse
 e - a scroll of enchant weapon {unknown}
 i - 3 scrolls of identify
 l - a scroll of amnesia {unknown}
 m - a scroll of fog {unknown}
Potions
 h - 2 potions of flight
 k - 2 potions of lignification
 r - 2 potions of might {unknown}
 s - a potion of curing {unknown}
Comestibles
 f - 6 rations
 j - 2 chunks of flesh


   Skills:
 - Level 4.0 Fighting
 + Level 3.4 Crossbows
 - Level 2.4 Dodging
 - Level 1.1 Spellcasting
 - Level 3.0 Hexes


You had 4 spell levels left.
You knew the following spells:

 Your Spells              Type           Power        Failure   Level  Hunger
a - Corona                Hex            #......      11%         1    ##.....

Your spell library contained the following spells:

 Spells                   Type           Power        Failure   Level  Hunger
 Slow                     Hex            #.......     17%         2    ###....
 Inner Flame              Hex/Fire       #.......     52%         3    ####...
 Portal Projectile        Hex/Tloc       #.....       52%         3    ####...
 Cause Fear               Hex            #.........   73%         4    #####..
 Leda's Liquefaction      Hex/Erth       #.........   90%         4    #####..


Dungeon Overview and Level Annotations

Branches:
Dungeon (2/15)

Altars:
Zin

Annotations:
D:2 Natasha


Innate Abilities, Weirdness & Mutations

You are small and have problems with some larger weapons.
You are carnivorous and can eat meat at any time.


Message History

Natasha misses you.
Firing (i - inventory. (/) - cycle)
d - 32 bolts (quivered)
Press: ? - help, Shift-Dir - straight line, f/p - Natasha
Aim: Natasha (severely wounded)
You shoot a bolt. The bolt barely misses Natasha.
Natasha mumbles some strange words.
Natasha stares at you and mumbles some strange words.
You feel yourself slow down.
Firing (i - inventory. (/) - cycle)
d - 31 bolts (quivered)
Press: ? - help, Shift-Dir - straight line, f/p - Natasha
Aim: Natasha (heavily wounded)
You shoot a bolt. The bolt barely misses Natasha.
Natasha misses you. Natasha barely misses you.
Firing (i - inventory. (/) - cycle)
d - 30 bolts (quivered)
Press: ? - help, Shift-Dir - straight line, f/p - Natasha
Aim: Natasha (heavily wounded)
You shoot a bolt. The bolt closely misses Natasha.
Natasha claws you!
* * * LOW HITPOINT WARNING * * *
The iron imp hits you!
You die...

#### #.. #.# #.
#####.#####. ###
#........##< ).#
#.###.##..%.h ..# #.#
#.#####.# ..# #<#
#.......###5### #.#
########..@h.(# #.#
#.##.#(# ###.#
########.# .#.# ....#
#........# ...# .####
#.....#######.# .#
#.......≈≈≈...#
.######.....#+###'#.#
.....##.....# ###)#
.###.##.....#######.#


You could see an iron imp (summoned) and Natasha.

Vanquished Creatures
  An adder (D:2)
  An ooze (D:2)
  2 worms (D:2)
  A dart slug (D:1)
  A leopard gecko (D:1)
  11 bats
  5 giant cockroaches
  7 goblins
  5 hobgoblins
  6 jackals (D:2)
  3 kobolds
  A quokka (D:2)
  4 frilled lizards
  7 rats
55 creatures vanquished.

Notes
Turn   | Place    | Note
-------+----------+-------------------------------------------
     0 | D:1      | tilp the Kobold Arcane Marksman began the quest for the
                  | Orb.
     0 | D:1      | Reached XP level 1. HP: 12/12 MP: 2/2
   168 | D:1      | Reached skill level 2 in Fighting
   168 | D:1      | Reached XP level 2. HP: 13/17 MP: 1/3
   679 | D:1      | Reached skill level 3 in Fighting
   679 | D:1      | Reached XP level 3. HP: 23/23 MP: 1/4
  1415 | D:2      | Noticed Natasha
  1706 | D:2      | Reached XP level 4. HP: 24/29 MP: 3/5
  1914 | D:2      | Reached skill level 4 in Fighting
  2533 | D:2      | Found a glowing silver altar of Zin.
  3040 | D:2      | Slain by an iron imp

Illustrated notes

Levels and vault maps discovered:
D:1:      dpeg_arrival_simpleton_a, layout_rooms, nrook_mini_backslash,
          chequers_serial_rivers_micro_d
D:2:      layout_loops_cross, zin_statuary, corexii_corridor_pit,
          minmay_misc_feat_ornament, roderic_lattice_a, uniq_natasha

Skill      XL: |  1  2  3  4 |
---------------+-------------+-----
Fighting       | 2 3 4 |  4.0
Crossbows      | 3 |  3.4
Dodging        | |  2.4
Spellcasting   | |  1.1
Hexes          | |  3.0

Action                   |  1- 3 |  4- 6 || total
-------------------------+-------+-------++-------
Melee: Whip              |   113 |    27 ||   140
       Dagger            |       |   128 ||   128
 Fire: Hand crossbow     |    15 |    28 ||    43
 Cast: Corona            |    22 |     6 ||    28
  Use: Scroll            |     3 |       ||     3
 Stab: Sleeping          |     1 |     1 ||     2
  Eat: Chunk             |    12 |     4 ||    16
Armor: Robe              |     9 |       ||     9
       Leather armour    |    11 |    32 ||    43
Dodge: Dodged            |    95 |   166 ||   261

Table legend:
 A = Non-vault XP
 B = Vault XP
 C = Vault XP percentage of total XP
 D = Non-vault monster count
 E = Vault monster count
 F = Vault count percentage of total count
                 A         B        C        D         E       F
            +---------+---------+-------+---------+---------+-------
      Total |     118 |       0 |   0.0 |      55 |       0 |   0.0
            +---------+---------+-------+---------+---------+-------
        D:1 |      39 |       0 |   0.0 |      22 |       0 |   0.0
        D:2 |      79 |       0 |   0.0 |      33 |       0 |   0.0
            +---------+---------+-------+---------+---------+-------
